 Dungeon Crawl Stone Soup version 0.17.1-1-g73c8601 (webtiles) character file.

21711 Implojin the Fighter (level 12, -7/132 HPs)
             Began as a Troll Monk on Apr 5, 2016.
             Was a High Priest of Okawaru.
             Mangled by an eight-headed hydra (13 damage)
             ... on level 8 of the Lair of Beasts.
             The game lasted 00:30:01 (3836 turns).

Implojin the Fighter (Troll Monk)                   Turns: 3836, Time: 00:30:01

Health: -7/132     AC:  9    Str: 22    XL:     12   Next: 56%
Magic:  11/17      EV: 17    Int:  6    God:    Okawaru [*****.]
Gold:   668        SH:  0    Dex: 16    Spells: 0 memorised, 11 levels left

rFire  + . .     SeeInvis .       - Unarmed
rCold  . . .     Clarity  .     r - +2 robe {Archmagi}
rNeg   . . .     SustAt   .     (no shield)
rPois  .         Gourm    +     (helmet restricted)
rElec  .         Spirit   .     x - +1 cloak
rCorr  .         Warding  .     (gloves unavailable)
rMut   .         Stasis   .     (boots unavailable)
MR     .....                    C - amulet of regeneration
Stlth  ++++......               y - ring of stealth
                                e - ring of protection from fire

@: heroism, finesse, not resistant to hostile enchantments, stealthy
A: unfitting armour, claws 3, fast metabolism 3, gourmand, regeneration 2,
shaggy fur 1, tough skin 2
a: Heroism, Finesse, Renounce Religion


You were on level 8 of the Lair of Beasts.
You worshipped Okawaru.
Okawaru was extremely pleased with you.
You were very full.

You visited 3 branches of the dungeon, and saw 17 of its levels.

You collected 668 gold pieces.

Inventory:

Missiles
 L - 6 needles of sleeping
Armour
 a - a +1 robe
 g - a +0 shield of poison resistance
 r - a +2 robe of the Archmagi (worn)
 x - a +1 cloak (worn)
 S - a steam dragon hide
Jewellery
 e - a ring of protection from fire (left claw)
 l - a +1 ring of protection
 y - a ring of stealth (right claw)
 C - an amulet of regeneration (around neck)
 J - an uncursed ring of flight
 T - an uncursed amulet of rage {unknown}
Wands
 m - a wand of slowing (24)
 p - a wand of slowing (34)
 E - a wand of lightning (0)
 H - a wand of draining (3)
 M - a wand of cold (3)
Scrolls
 k - a scroll of fog
 o - a scroll of teleportation
 D - 2 scrolls of enchant armour
 K - a scroll of noise
 N - a scroll of recharging
 R - a scroll of brand weapon {unknown}
Potions
 c - 5 potions of curing
 h - a potion of resistance {unknown}
 i - 2 potions of berserk rage
 n - a potion of mutation {unknown}
 s - a potion of brilliance {unknown}
 v - 3 potions of magic
 z - a potion of might {unknown}
 B - 2 potions of lignification {unknown}
 G - a potion of invisibility {unknown}
 I - a potion of ambrosia {unknown}
Books
 q - a Necronomicon

   Spells                             Type                      Level
   a - Haunt                          Necromancy/Summoning         7
   b - Borgnjor's Revivification      Necromancy                   8
   c - Death's Door                   Charms/Necromancy            8
   d - Necromutation                  Transmutation/Necromancy     8
 F - the Compendium of the Entourage
   (You found it on level 5 of the Lair of Beasts)

   Spells                             Type                      Level
   a - Recall                         Summoning/Translocation      3
   b - Summon Ice Beast               Ice/Summoning                4
   c - Summon Lightning Spire         Summoning/Air                4
 O - a book of Summonings

   Spells                             Type                      Level
   a - Recall                         Summoning/Translocation      3
   b - Aura of Abjuration             Summoning                    5
   c - Shadow Creatures               Summoning                    5
   d - Summon Demon                   Summoning                    5
   e - Summon Forest                  Summoning/Translocation      5
   f - Summon Mana Viper              Hexes/Summoning              5
Comestibles
 b - 6 bread rations
 d - 3 slices of pizza
 j - 4 meat rations
 t - 28 fruits
 w - 5 chunks of flesh
 P - a royal jelly
 Q - a beef jerky


   Skills:
 - Level 12.1(17.1) Fighting
 * Level 5.7(10.7) Dodging
 - Level 1.1(6.1) Stealth
 - Level 12.0(17.0) Unarmed Combat
 - Level 8.1 Invocations


You had 11 spell levels left.
You didn't know any spells.

Dungeon Overview and Level Annotations

Branches:
Dungeon (8/15)             Temple (1/1) D:6            Lair (8/8) D:8
  Slime (0/6) Lair:6
  Swamp: Lair:3-6    Shoals: Lair:3-6     Snake: Lair:3-6    Spider: Lair:3-6

Altars:
Ashenzari
Cheibriados
Kikubaaqudgha
Nemelex Xobeh
Okawaru
Qazlal
Ru
Sif Muna
Trog
Vehumet
Yredelemnul
Zin
The Shining One


Innate Abilities, Weirdness & Mutations

You are too large for most types of armour.
You have claws for hands.
Your metabolism is lightning-fast.
You like to eat raw meat.
You heal very quickly.
You are covered in fur (AC +1).
You have very tough skin (AC +2).


Message History

* * * LOW HITPOINT WARNING * * *
The eight-headed hydra bites you!
* * * LOW HITPOINT WARNING * * *
The eight-headed hydra misses you. The eight-headed hydra bites you.
* * * LOW HITPOINT WARNING * * *
The eight-headed hydra misses you.
The eight-headed hydra barely misses you.
Throwing (i - inventory):
u - a tomahawk (quivered)
Press: ? - help, Shift-Dir - straight line, f/p - eight-headed hydra
Aim: an eight-headed hydra (severely wounded)
You throw a tomahawk.
The tomahawk hits the eight-headed hydra.
The eight-headed hydra is severely wounded.
Unknown command.
Read which item? (? for menu, Esc to quit)
As you read the scroll of fear, it crumbles to dust.
You assume a fearsome visage.
The eight-headed hydra resists with almost no effort.
The eight-headed hydra bites you!
* * * LOW HITPOINT WARNING * * *
The eight-headed hydra bites you but does no damage.
The eight-headed hydra barely misses you.
The eight-headed hydra misses you. The eight-headed hydra bites you!
* * * LOW HITPOINT WARNING * * *
The eight-headed hydra completely misses you.
The eight-headed hydra bites you!
* * * LOW HITPOINT WARNING * * *
The eight-headed hydra bites you but does no damage.
A crocodile comes into view.
Read which item? (? for menu, Esc to quit)
Okay, then.
Drink which item? (? for menu, Esc to quit)
Okay, then.
The eight-headed hydra barely misses you.
The eight-headed hydra bites you.
* * * LOW HITPOINT WARNING * * *
The eight-headed hydra bites you but does no damage. x2
The eight-headed hydra closely misses you.
The eight-headed hydra bites you!
You die...

*...l...##.......................
*###...#*#........<..............
***####* ##...........#........P.
*,,*,* #............#........P
*,,,,*** ##....(..........D#.....
,,,,,,,* #.................##....
,,,,,,,**#............P....##.!..
,,,,,,,,*##.....D......t...##....
**,*,,,,**#.....@.....#....#.....
,,,*,,,,,*#............#......[..
,,**,,,,,*###..............#.....
,,,*,,,,,* ##......P..#...#.P....
***,,,,,** #P....##.......#......
,*,,,,*** #....##P..............
,,,,,**** ##...#.#.......÷....)..
,,,,*,,,*##.P...##..........P....
*,,,*,,,*#.....####.....÷........


You could see an eight-headed hydra and a crocodile.

Vanquished Creatures
  A fire dragon (Lair:8)
  2 hydras (Lair:8)
  2 catoblepae
  3 death yaks (Lair:7)
  A fire crab (Lair:8)
  3 griffons
  3 black mambas
  5 elephants (Lair:8)
  A torpor snail (Lair:4)
  3 spiny frogs
  4 komodo dragons
  2 fire drakes
  6 blink frogs (Lair:8)
  11 yaks
  3 wyverns
  Eustachio (D:4)
  6 hippogriffs
  3 steam dragons (Lair:8)
  4 basilisks
  3 mottled dragons (Lair:8)
  7 water moccasins
  6 porcupines
  8 wolves
  A swamp drake (Lair:8)
  A phantom (D:5)
  A centaur (D:5)
  3 crocodiles
  A brain worm (Lair:5)
  7 giant frogs
  2 scorpions
  2 crimson imps
  A gnoll shaman (D:4)
  4 jellies
  2 worker ants
  4 iguanas
  An orc wizard (D:8)
  8 sheep (Lair:7)
  A hound skeleton (D:6)
  4 gnolls
  2 adders
  10 river rats
  A shadow imp (D:7)
  6 oozes
  An adder zombie (D:8)
  A worm (D:2)
  3 giant geckos
  10 orcs
  2 giant cockroaches
  A hobgoblin (D:3)
  A kobold (D:1)
  3 quokkas
  3 ball pythons
  2 bats
  3 giant newts
  3 goblins (D:1)
  A rat (D:1)
  2 plants (Lair:8)
186 creatures vanquished.

Vanquished Creatures (others)
  3 fungi
  2 plants
5 creatures vanquished.

Grand Total: 191 creatures vanquished

Notes
Turn   | Place    | Note
--------------------------------------------------------------
     0 | D:1      | Implojin the Troll Monk began the quest for the Orb.
     0 | D:1      | Reached XP level 1. HP: 22/22 MP: 0/0
    64 | D:1      | Reached XP level 2. HP: 22/29 MP: 1/1
   253 | D:2      | Reached skill level 5 in Unarmed Combat
   253 | D:2      | Reached XP level 3. HP: 36/36 MP: 2/2
   456 | D:4      | Noticed a scorpion
   481 | D:4      | Reached XP level 4. HP: 20/44 MP: 3/3
   521 | D:4      | Killed a scorpion
   521 | D:4      | Reached skill level 6 in Unarmed Combat
   559 | D:4      | Noticed Eustachio
   570 | D:4      | Killed Eustachio
   570 | D:4      | Reached skill level 7 in Unarmed Combat
   570 | D:4      | Reached XP level 5. HP: 37/50 MP: 4/4
   570 | D:4      | Reached XP level 6. HP: 43/59 MP: 5/5
   602 | D:5      | Entered Level 5 of the Dungeon
   770 | D:5      | Reached skill level 8 in Unarmed Combat
   847 | D:6      | Found a staircase to the Ecumenical Temple.
   856 | Temple   | Entered the Ecumenical Temple
   896 | Temple   | Became a worshipper of Warmaster Okawaru
   896 | Temple   | Reached * piety under Okawaru
   896 | Temple   | Reached ** piety under Okawaru
  1160 | D:7      | Reached XP level 7. HP: 35/66 MP: 6/6
  1206 | D:7      | Reached skill level 9 in Unarmed Combat
  1351 | D:8      | Found a staircase to the Lair.
  1351 | D:8      | Noticed a fire drake
  1366 | D:8      | Reached *** piety under Okawaru
  1395 | D:8      | Killed a fire drake
  1395 | D:8      | Reached skill level 10 in Unarmed Combat
  1395 | D:8      | Reached XP level 8. HP: 40/74 MP: 4/7
  1424 | D:8      | Noticed a yak
  1425 | D:8      | Noticed a yak
  1425 | D:8      | Noticed a yak
  1426 | D:8      | Noticed a yak
  1429 | D:8      | Noticed a yak
  1432 | D:8      | Noticed a yak
  1439 | D:8      | Killed a yak
  1439 | D:8      | Reached skill level 11 in Unarmed Combat
  1442 | D:8      | Killed a yak
  1451 | D:8      | Killed a yak
  1456 | D:8      | Killed a yak
  1456 | D:8      | Reached skill level 12 in Unarmed Combat
  1463 | D:8      | Killed a yak
  1463 | D:8      | Reached **** piety under Okawaru
  1463 | D:8      | Reached skill level 3 in Fighting
  1463 | D:8      | Reached XP level 9. HP: 21/81 MP: 8/8
  1466 | D:8      | Killed a yak
  1550 | Lair:1   | Entered Level 1 of the Lair of Beasts
  1560 | Lair:1   | Reached skill level 4 in Fighting
  1565 | Lair:2   | Noticed a black mamba
  1568 | Lair:2   | Killed a black mamba
  1568 | Lair:2   | Reached skill level 5 in Fighting
  1595 | Lair:3   | Noticed a komodo dragon
  1604 | Lair:3   | Noticed a komodo dragon
  1716 | Lair:3   | Killed a komodo dragon
  1716 | Lair:3   | Reached ***** piety under Okawaru
  1716 | Lair:3   | Reached skill level 6 in Fighting
  1727 | Lair:3   | Killed a komodo dragon
  1796 | Lair:1   | Noticed a spiny frog
  1805 | Lair:1   | Killed a spiny frog
  1805 | Lair:1   | Received a gift from Okawaru
  1805 | Lair:1   | Reached skill level 7 in Fighting
  1866 | Lair:4   | Noticed a torpor snail
  1889 | Lair:4   | Reached XP level 10. HP: 84/104 MP: 2/9
  1895 | Lair:4   | Reached skill level 8 in Fighting
  1901 | Lair:4   | Killed a torpor snail
  1930 | Lair:4   | Noticed a catoblepas
  1972 | Lair:4   | Killed a catoblepas
  1972 | Lair:4   | Reached skill level 9 in Fighting
  2216 | Lair:5   | Identified the Compendium of the Entourage
  2217 | Lair:5   | Noticed a catoblepas
  2232 | Lair:5   | Killed a catoblepas
  2232 | Lair:5   | Reached skill level 10 in Fighting
  2482 | Lair:6   | Noticed a griffon
  2495 | Lair:6   | Killed a griffon
  2591 | Lair:6   | Found a staircase to the Slime Pits.
  2602 | Lair:6   | Reached XP level 11. HP: 80/119 MP: 7/10
  2704 | Lair:6   | Reached skill level 11 in Fighting
  2715 | Lair:7   | Noticed a death yak
  2807 | Lair:6   | Noticed a black mamba
  2822 | Lair:6   | Killed a black mamba
  2945 | Lair:7   | Noticed a death yak
  2945 | Lair:7   | Noticed a death yak
  2957 | Lair:7   | Killed a death yak
  2957 | Lair:7   | Reached skill level 12 in Fighting
  2981 | Lair:7   | Killed a death yak
  2981 | Lair:7   | Reached skill level 2 in Invocations
  2989 | Lair:7   | Killed a death yak
  2989 | Lair:7   | Reached skill level 3 in Invocations
  3059 | Lair:8   | Entered Level 8 of the Lair of Beasts
  3061 | Lair:8   | Noticed a fire crab
  3088 | Lair:8   | Received a gift from Okawaru
  3088 | Lair:8   | Reached skill level 4 in Invocations
  3125 | Lair:8   | Reached skill level 5 in Invocations
  3139 | Lair:8   | Killed a fire crab
  3242 | Lair:8   | Reached skill level 6 in Invocations
  3260 | Lair:8   | Noticed a four-headed hydra
  3373 | Lair:8   | Reached XP level 12. HP: 132/132 MP: 12/15
  3394 | Lair:8   | Reached skill level 7 in Invocations
  3408 | Lair:8   | Noticed an eight-headed hydra
  3492 | Lair:8   | Killed an eight-headed hydra
  3493 | Lair:8   | Killed a four-headed hydra
  3493 | Lair:8   | Received a gift from Okawaru
  3493 | Lair:8   | Reached skill level 8 in Invocations
  3530 | Lair:8   | Reached skill level 3 in Dodging
  3589 | Lair:8   | Reached skill level 4 in Dodging
  3603 | Lair:8   | Found a radiant altar of Vehumet.
  3661 | Lair:8   | Noticed a fire dragon
  3670 | Lair:8   | Killed a fire dragon
  3670 | Lair:8   | Reached skill level 5 in Dodging
  3813 | Lair:8   | Noticed an eight-headed hydra
  3835 | Lair:8   | HP: 6/132 [eight-headed hydra (12)]
  3836 | Lair:8   | Mangled by an eight-headed hydra

Action                   |  1- 3 |  4- 6 |  7- 9 | 10-12 || total
-------------------------+-------+-------+-------+-------++-------
Melee: Unarmed           |    46 |    81 |   115 |   315 ||   557
Throw: Tomahawk          |       |       |       |    16 ||    16
Invok: Heroism           |       |       |     7 |    21 ||    28
       Finesse           |       |       |     1 |     3 ||     4
Evoke: Wand              |       |       |       |     8 ||     8
  Use: Scroll            |       |       |     5 |    12 ||    17
 Stab: Sleeping          |     1 |       |     2 |     3 ||     6
  Eat: Chunk             |     1 |    15 |     4 |    25 ||    45

Table legend:
 A = Turns spent in this place as a percentage of turns spent in the entire game.
 B = Non-inter-level travel turns spent in this place as a percentage of non-inter-level travel turns spent in the entire game.
 C = Inter-level travel turns spent in this place as a percentage of turns spent in this place.
 D = Turns resting spent in this place as a percentage of non-inter-level travel turns spent in this place.
 E = Turns spent auto-exploring this place as a percentage of non-inter-level travel turns spent in this place.
 F = Non-inter-level travel turns spent in this place divided by the number of levels of this place that you've seen.
                   A       B       C       D       E      F
               +-------+-------+-------+-------+-------+----------------------
         Total | 100.0 | 100.0 |   0.0 |   0.1 |   0.0 | 214.0
       Dungeon |  38.6 |  38.6 |   0.0 |   0.0 |   0.0 | 175.4
        Temple |   1.6 |   1.6 |   0.0 |   0.0 |   0.0 |  60.0
          Lair |  59.8 |  59.8 |   0.0 |   0.1 |   0.0 | 271.9
               +-------+-------+-------+-------+-------+----------------------

Table legend:
 A = Kills in this place as a percentage of kills in entire the game.
 B = Kills by you in this place as a percentage of kills by you in the entire game.
 C = Kills by friends in this place as a percentage of kills by friends in the entire game.
 D = Other kills in this place as a percentage of other kills in the entire game.
 E = Experience gained in this place as a percentage of experience gained in the entire game.
 F = Experience gained in this place divided by the number of levels of this place that you have seen.
                   A       B       C       D       E      F
               +-------+-------+-------+-------+-------+----------------------
         Total | 100.0 | 100.0 |  -nan |  -nan | 100.0 | 1824.5
       Dungeon |  37.0 |  37.0 |  -nan |  -nan |  10.0 | 388.2
          Lair |  63.0 |  63.0 |  -nan |  -nan |  90.0 | 3488.9
               +-------+-------+-------+-------+-------+----------------------
